 Dungeon Crawl Stone Soup version 0.28-a0-1080-g05a166d0ed (webtiles) character file.

Game seed: 7418850675059292042

222 wakim the Skirmisher (level 5, -4/47 HPs)
             Began as a Gnoll Wanderer on Dec 10, 2021.
             Was an Initiate of Yredelemnul.
             Succumbed to a gnoll's poison
             ... on level 4 of the Dungeon.
             The game lasted 00:11:08 (3039 turns).

wakim the Skirmisher (Gnoll Wanderer)               Turns: 3039, Time: 00:11:08

Health: -4/47      AC:  7    Str: 10    XL:     5   Next: 99%
Magic:  12/12      EV: 10    Int: 12    God:    Yredelemnul [......]
Gold:   144        SH:  4    Dex: 14    Spells: 13/14 levels left

rFire   . . .      SeeInvis .   a - +1 dagger (venom)
rCold   . . .      Faith    .   c - +0 buckler
rNeg    . . .      Spirit   .   l - +0 ring mail
rPois   .          Reflect  .   (no helmet)
rElec   .          Harm     .   (no cloak)
rCorr   .          Rampage  .   p - +0 pair of gloves
Will    .....                   k - +0 pair of boots
Stlth   +.........              (no amulet)
HPRegen 0.15/turn               q - ring of wizardry
MPRegen 0.13/turn               (no ring)

@: lethally poisoned (-4 -> -26)
A: fangs 1, strong nose, distributed training
a: Renounce Religion, Recall Undead Harvest


You were on level 4 of the Dungeon.
You worshipped Yredelemnul.
Yredelemnul was noncommittal.
You visited 1 branch of the dungeon, and saw 4 of its levels.

You collected 144 gold pieces.

Inventory:

Hand Weapons
 a - a +1 dagger of venom (weapon)
 b - a +2 hand crossbow
Missiles
 e - 26 bolts
 j - 14 sling bullets
Armour
 c - a +0 buckler (worn)
 k - a +0 pair of boots (worn)
 l - a +0 ring mail (worn)
 p - a +0 pair of gloves (worn)
 s - a +0 robe of fire resistance
Jewellery
 q - a ring of wizardry (left hand)
Scrolls
 g - 3 scrolls of identify {unknown}
 m - a scroll of magic mapping {unknown}
 o - a scroll of fog {unknown}
 r - a scroll of holy word {unknown}
Potions
 d - a potion of lignification {unknown}
 f - a potion of might {unknown}
 h - a potion of degeneration {unknown}
 i - 2 potions of curing {unknown}
 n - a potion of berserk rage {unknown}
 t - a potion of flight {unknown}
 u - a potion of brilliance {unknown}


   Skills:
 + Level 6.7 Fighting
 + Level 1.7 Short Blades
 + Level 1.7 Long Blades
 + Level 1.7 Axes
 + Level 1.7 Maces & Flails
 + Level 1.7 Polearms
 + Level 1.7 Staves
 + Level 1.7 Slings
 + Level 1.7 Bows
 + Level 4.9 Crossbows
 + Level 3.1 Throwing
 + Level 1.7 Armour
 + Level 1.7 Dodging
 + Level 1.7 Stealth
 + Level 1.7 Shields
 + Level 1.7 Unarmed Combat
 + Level 5.2 Spellcasting
 + Level 1.3 Conjurations
 + Level 1.3 Hexes
 + Level 2.5 Summonings
 + Level 1.3 Necromancy
 + Level 1.3 Translocations
 + Level 1.3 Transmutations
 + Level 1.3 Fire Magic
 + Level 1.3 Ice Magic
 + Level 1.3 Air Magic
 + Level 1.3 Earth Magic
 + Level 1.3 Poison Magic
 + Level 1.9 Invocations
 + Level 3.1 Evocations


You had 13 spell levels left.
You knew the following spells:

 Your Spells              Type           Power      Damage    Failure   Level
a - Summon Small Mammal   Summ           36%        N/A       10%         1

Your spell library contained the following spells:

 Spells                   Type           Power      Damage    Failure   Level
 Shock                    Conj/Air       24%        1d4       16%         1
 Slow                     Hex            24%        N/A       16%         1
 Passwall                 Tmut/Erth      5%         N/A       22%         2
 Wereblood                Tmut           6%         N/A       22%         2
 Summon Guardian Golem    Hex/Summ       7%         N/A       32%         3
 Confusing Touch          Hex            6%         N/A       41%         3
 Ignite Poison            Fire/Tmut/Pois 6%         N/A       41%         3
 Mephitic Cloud           Conj/Pois/Air  6%         N/A       41%         3
 Swiftness                Air            6%         N/A       41%         3
 Vampiric Draining        Necr           6%         2d6       41%         3
 Airstrike                Air            3%         N/A       80%         4
 Freezing Cloud           Conj/Ice/Air   3%         6-21      98%         5


Dungeon Overview and Level Annotations

Branches:
Dungeon (4/15)
 Temple: D:4-7

Altars:
Kikubaaqudgha
Wu Jian
Yredelemnul

Shops:
D:3 [


Innate Abilities, Weirdness & Mutations

You have very sharp teeth.
Your uncanny sense of smell can sniff out nearby items.
Your experience applies equally to all skills.


Message History

The centaur skeleton is destroyed! 2 gnolls come into view.
The gnoll shouts!
You hear a shout!
The gnoll moves out of view.
You hear a shout!
A gnoll comes into view. It is wielding a +2 halberd of venom.
The gnoll shouts!
A gnoll comes into view. It is wielding a +0 flail.
The gnoll hits you with a +2 halberd of venom.
You are poisoned.
You hit the gnoll.
The gnoll is poisoned.
The gnoll is moderately wounded.
You feel very sick.
Your hound zombie barely misses the gnoll.
The gnoll hits you with a +2 halberd of venom!
You are lethally poisoned!
You hit the gnoll but do no damage.
The gnoll is moderately wounded.
* * * LOW HITPOINT WARNING * * *
You feel very sick.
Your hound zombie barely misses the gnoll.
Your gnoll zombie closely misses the gnoll.
The gnoll hits you with a +2 halberd of venom.
* * * LOW HITPOINT WARNING * * *
* * * LOW HITPOINT WARNING * * *
You feel very sick.
Your hound zombie bites the gnoll.
The gnoll hits you from afar with a +2 halberd of venom.
* * * LOW HITPOINT WARNING * * *
You are more poisoned.
Your hound zombie bites the gnoll but does no damage.
Your gnoll zombie hits the gnoll but does no damage.
* * * LOW HITPOINT WARNING * * *
You feel very sick.
The gnoll hits your hound zombie with a +0 whip.
Your hound zombie bites the gnoll but does no damage.
The gnoll barely misses your gnoll zombie.
Your gnoll zombie hits the gnoll.
You die...
Your body rises from the dead as a mindless zombie.

###############################)#
.........................)...)..#
.#########..........###########)#
.# #.########+#### #....#.. .#
#.#...........# #. #..). .#
#.#........g..# #. #.... .#
#.#.......Zgg.###.##.[..
.#.##+####+######..Z#....#.......
.#...........#..@...#............
.#..<........#.#..#.#....#....##.
.#.........Z.#.#.##.##.#.........
....#+####.#.Z....#.##.#.........
......####Z#.#.#..#.##.#.........
..................#..............
.....................#.#......#..
..............###..###.##...#.#..
........##.#.....................


You could see 3 gnolls, a friendly hound zombie and a friendly gnoll zombie.

Vanquished Creatures
  An iguana (D:3)
  A hound zombie (D:3)
  3 gnolls (D:4)
  An adder (D:2)
  An ufetubus (D:3)
  3 worms
  2 dart slugs (D:1)
  2 ball pythons (D:2)
  3 endoplasms
  2 giant cockroaches (D:1)
  4 goblins (D:1)
  A hobgoblin (D:1)
  4 jackals
  2 quokkas
  6 bats
  6 frilled lizards
  3 kobolds
  A rat (D:3)
46 creatures vanquished.

Vanquished Creatures (collateral kills)
  A hound (D:4)
  A centaur skeleton (D:4)
  An adder (D:2)
  A worm (D:2)
  3 endoplasms
  2 goblins (D:1)
  4 ball pythons
  A kobold (D:2)
  2 rats (D:1)
16 creatures vanquished.

Vanquished Creatures (others)
  A bat zombie (D:2)
  7 plants (D:2)
8 creatures vanquished.

Grand Total: 70 creatures vanquished

Notes
Turn   | Place    | Note
-------+----------+-------------------------------------------
     0 | D:1      | wakim the Gnoll Wanderer began the quest for the Orb.
     0 | D:1      | wakim set off with the following items: a +2 hand crossbow,
                  | 26 bolts, a +0 robe; and the following spell memorised:
                  | Summon Small Mammal; and the following spells available to
                  | memorise: Passwall, Wereblood, Summon Guardian Golem
     0 | D:1      | Reached XP level 1. HP: 23/23 MP: 6/6
   129 | D:1      | Reached XP level 2. HP: 29/29 MP: 3/7
   500 | D:1      | Reached XP level 3. HP: 35/35 MP: 6/9
   530 | D:1      | Reached skill level 5 in Spellcasting
   836 | D:2      | Found a faded altar of an unknown god.
   873 | D:2      | Reached skill level 1 in Invocations
   876 | D:2      | Prayed at the altar of an unknown god.
   876 | D:2      | Became a worshipper of Yredelemnul the Dark
   876 | D:2      | Reached * piety under Yredelemnul
   914 | D:2      | Reached skill level 1 in Short Blades
   914 | D:2      | Reached skill level 1 in Long Blades
   914 | D:2      | Reached skill level 1 in Axes
   914 | D:2      | Reached skill level 1 in Maces & Flails
   914 | D:2      | Reached skill level 1 in Polearms
   914 | D:2      | Reached skill level 1 in Staves
   914 | D:2      | Reached skill level 1 in Slings
   914 | D:2      | Reached skill level 1 in Bows
   914 | D:2      | Reached skill level 1 in Armour
   914 | D:2      | Reached skill level 1 in Dodging
   914 | D:2      | Reached skill level 1 in Stealth
   914 | D:2      | Reached skill level 1 in Shields
   914 | D:2      | Reached skill level 1 in Unarmed Combat
  1203 | D:2      | Reached ** piety under Yredelemnul
  1204 | D:2      | Reached XP level 4. HP: 41/41 MP: 11/11
  1440 | D:3      | Found an ornate altar of the Wu Jian Council.
  1462 | D:3      | Reached skill level 1 in Conjurations
  1462 | D:3      | Reached skill level 1 in Hexes
  1462 | D:3      | Reached skill level 1 in Necromancy
  1462 | D:3      | Reached skill level 1 in Translocations
  1462 | D:3      | Reached skill level 1 in Transmutations
  1462 | D:3      | Reached skill level 1 in Fire Magic
  1462 | D:3      | Reached skill level 1 in Ice Magic
  1462 | D:3      | Reached skill level 1 in Air Magic
  1462 | D:3      | Reached skill level 1 in Earth Magic
  1462 | D:3      | Reached skill level 1 in Poison Magic
  2031 | D:3      | Found Bulid's Armour Boutique.
  2192 | D:3      | Found an ancient bone altar of Kikubaaqudgha.
  2393 | D:3      | Reached XP level 5. HP: 26/47 MP: 12/12
  3038 | D:4      | HP: 1/47 [poisoned by a gnoll]
  3039 | D:4      | Succumbed to a gnoll's poison

Illustrated notes

Levels and vault maps discovered:
D:1:      enne_arrival_octagon_isle, layout_rooms
D:2:      layout_basic, shapermc_ecumenical_altar_mp_ritualfount, st_stairs_12
D:3:      layout_loops_cross, nzn_wu_jian_council_hall,
          mainiacjoe_overflow_boulevard, serial_shops, shop,
          kennysheep_generic_room_16
D:4:      nicolae_cairo_tiling_large, layout_basic

Skill      XL: |  1  2  3  4  5 |
---------------+----------------+-----
Summonings     | 2 |  2.5
Spellcasting   | 5 |  5.2
Invocations    | 1 |  1.9
Short Blades   | 1 |  1.7
Long Blades    | 1 |  1.7
Axes           | 1 |  1.7
Maces & Flails | 1 |  1.7
Polearms       | 1 |  1.7
Staves         | 1 |  1.7
Slings         | 1 |  1.7
Bows           | 1 |  1.7
Armour         | 1 |  1.7
Dodging        | 1 |  1.7
Stealth        | 1 |  1.7
Shields        | 1 |  1.7
Unarmed Combat | 1 |  1.7
Conjurations   | 1 |  1.3
Hexes          | 1 |  1.3
Necromancy     | 1 |  1.3
Translocations | 1 |  1.3
Transmutations | 1 |  1.3
Fire Magic     | 1 |  1.3
Ice Magic      | 1 |  1.3
Air Magic      | 1 |  1.3
Earth Magic    | 1 |  1.3
Poison Magic   | 1 |  1.3
Throwing       | 3 |  3.1
Evocations     | 3 |  3.1
Fighting       | |  6.7
Crossbows      | |  4.9

Action                   |  1- 3 |  4- 6 || total
-------------------------+-------+-------++-------
Melee: Dagger            |    76 |    79 ||   155
       Bite              |     5 |     9 ||    14
 Fire: Hand crossbow     |       |     2 ||     2
 Cast: Summon Small Mamm |    26 |       ||    26
Invok: Recall Undead Har |       |     2 ||     2
       Dark Bargain      |       |     1 ||     1
 Stab: Sleeping          |     1 |     2 ||     3
       Distracted        |     1 |       ||     1
Armor: Robe              |    18 |     5 ||    23
       Ring mail         |       |    44 ||    44
Dodge: Dodged            |    56 |    44 ||   100
Block: Buckler           |       |    12 ||    12

Table legend: (Time is in decaauts)
 A = Elapsed time spent in this place.
 B = Non-inter-level travel time spent in this place.
 C = Inter-level travel time spent in this place.
 D = Time resting spent in this place.
 E = Time spent auto-exploring this place.
 F = Levels seen in this place.
 G = Mean time per level.
                   A        B        C        D        E       F      G
               +--------+--------+--------+--------+--------+-----+--------+
         Total |   3032 |   2959 |     73 |    101 |   2090 |   4 |  758.0 |
       Dungeon |   3032 |   2959 |     73 |    101 |   2090 |   4 |  758.0 |
               +--------+--------+--------+--------+--------+-----+--------+

Top non-repeatable levels by time:
     D:3: 1188 daAuts
     D:1: 781 daAuts
     D:2: 634 daAuts
     D:4: 427 daAuts
